Map: [ESL] Cosmic Sapphire

Players

Neeb

  • Race: Protoss Protoss
  • Spawn Location: 5:00

trigger - Winner!

  • Race: Protoss Protoss
  • Spawn Location: 11:00

Event: DreamHack SC2 Masters 2022 Atlanta (Online)

VOD

Have the link to the VOD?

Description

Time

  • Played on: Oct. 9, 2022, 2:41 p.m.
  • Length: 5:31

All games in this series

Show
View Real Time Build Order
Export as new Build Order

Neeb Protoss 

Build Orders: Blink Stalkers 

Get SALT Encoding   

  12  0:00  Probe  
  13  0:12  Probe  
  14  0:16  Pylon  
  14  0:24  Probe (Chrono Boost)  
  15  0:36  Gateway  
  15  0:37  Probe (Chrono Boost)  
  16  0:43  Probe (Chrono Boost)  
  16  0:45  Assimilator  
  17  0:51  Probe  
  17  0:54  Assimilator  
  18  1:03  Probe (Chrono Boost)  
  19  1:07  Gateway  
  19  1:14  Probe (Chrono Boost)  
  20  1:18  Probe (Chrono Boost)  
  20  1:25  Cybernetics Core  
  21  1:29  Probe  
  22  1:34  Pylon  
  22  1:41  Probe  
  23  1:53  Probe  
  24  2:01  Warp Gate, Stalker x2  
  28  2:12  Pylon  
  28  2:14  Shield Battery  
  28  2:19  Probe  
  29  2:37  Twilight Council  
  29  2:42  Stalker  
  29  2:43  Stalker  
  33  3:02  Nexus  
  33  3:07  Probe  
  33  3:11  Blink (Chrono Boost)  
  34  3:25  Shield Battery  
  33  3:32  Gateway  
  33  3:37  Probe  
  33  3:41  Pylon  
  34  3:49  Sentry, Stalker  
  34  3:52  Probe  
  39  4:05  Probe  
  40  4:12  Stalker x2  
  40  4:14  Probe  
  45  4:17  Probe  
  45  4:23  Pylon  
  46  4:29  Sentry  
  49  4:36  Stalker  
  44  4:40  Stalker  
  28  4:55  Stalker  
  28  4:59  Stalker  
  26  5:05  Stalker  
  28  5:18  Shield Battery  
  27  5:21  Stalker  
Show
View Real Time Build Order
Export as new Build Order

trigger Protoss - Winner!

Build Orders: Blink Stalkers 

Get SALT Encoding   

  12  0:00  Probe  
  13  0:12  Probe  
  14  0:17  Pylon  
  14  0:24  Probe (Chrono Boost)  
  15  0:36  Probe (Chrono Boost), Gateway  
  16  0:45  Probe (Chrono Boost)  
  16  0:46  Assimilator  
  17  0:51  Probe  
  17  0:54  Assimilator  
  18  1:03  Probe (Chrono Boost)  
  19  1:07  Gateway  
  19  1:12  Probe (Chrono Boost)  
  19  1:17  Probe (Chrono Boost)  
  20  1:24  Cybernetics Core  
  21  1:29  Probe  
  22  1:35  Pylon  
  22  1:41  Probe  
  23  1:53  Probe  
  24  2:01  Warp Gate, Stalker x2  
  24  2:05  Probe  
  29  2:15  Pylon  
  29  2:19  Twilight Council  
  29  2:32  Stalker  
  29  2:34  Stalker  
  32  2:53  Blink (Chrono Boost)  
  32  2:55  Shield Battery  
  32  3:14  Stalker  
  32  3:18  Pylon  
  32  3:19  Gateway  
  34  3:21  Stalker  
  36  3:31  Pylon  
  36  3:37  Gateway  
  36  3:59  Stalker x2  
  40  4:14  Stalker  
  42  4:22  Stalker x2  
  44  4:38  Stalker  
  44  4:39  Stalker  
  46  4:54  Robotics Facility  
  42  5:04  Stalker x2  
  42  5:19  Pylon  
  42  5:20  Stalker  
  43  5:30  Stalker  
Tags
 
Add a new tag
Caveats
  • Supply blocks, unpowered buildings, or Contaminate may cause inaccurate times.
  • Supply counts are checked every 10 seconds.